 Dungeon Crawl Stone Soup version 0.30-a0-778-g2ef04afb54 (webtiles) character file.

Game seed: 5008306628954390269

7 IndexError the Vexing (level 1, -2/11 HPs)
             Began as a Deep Elf Hexslinger on Feb 16, 2023.
             Slain by a kobold
             ... wielding a +0 mace
              (4 damage)
             ... on level 1 of the Dungeon.
             The game lasted 00:00:53 (155 turns).

IndexError the Vexing (Deep Elf Hexslinger)          Turns: 155, Time: 00:00:53

Health: -2/11      AC:  2    Str:  7    XL:     1   Next: 83%
Magic:  5/5        EV: 12    Int: 17    God:
Gold:   0          SH:  0    Dex: 15    Spells: 2/3 levels left

rFire   . . .      SeeInvis .    a - +1 sling
rCold   . . .      Faith    .    (no shield)
rNeg    . . .      Spirit   .    c - +0 robe
rPois   .          Reflect  .    (no helmet)
rElec   .          Harm     .    (no cloak)
rCorr   .          Rampage  .    (no gloves)
Will    .....                    (no boots)
Stlth   +                        (no amulet)
HPRegen 0.21/turn                (no ring)
MPRegen 0.09/turn                (no ring)

@: no status effects
A: no striking features
a: no special abilities


You were on level 1 of the Dungeon.
You visited 1 branch of the dungeon, and saw 1 of its levels.

Inventory:

Hand Weapons
 a - a +1 sling (weapon)
Armour
 c - a +0 robe (worn)
Scrolls
 b - a scroll of poison {!r}
 d - a scroll of vulnerability {unknown}


   Skills:
 - Level 0.7 Fighting
 * Level 3.3 Ranged Weapons
 - Level 2.4 Dodging
 - Level 1.5 Spellcasting
 + Level 4.2 Hexes


You had 2 spell levels left.
You knew the following spells:

 Your Spells              Type           Power      Damage    Failure   Level
s - Slow                  Hex            60%        N/A       3%          1

Your spell library contained the following spells:

 Spells                   Type           Power      Damage    Failure   Level
 Inner Flame              Hex/Fire       8%         N/A       26%         3
 Portal Projectile        Hex/Tloc       16%        N/A       26%         3
 Cause Fear               Hex            7%         N/A       34%         4


Dungeon Overview and Level Annotations

Branches:
Dungeon (1/15)

Altars:


Message History

You shoot a sling bullet. The sling bullet hits the goblin.
You shoot a sling bullet. The sling bullet hits the goblin.
No target in view!
No target in view!
No target in view!
A goblin is nearby!
You shoot a sling bullet.
The sling bullet barely misses the goblin.
The goblin hits you.
You take 1 damage, and have 9/11 hp.
You shoot a sling bullet.
The sling bullet barely misses the goblin.
The goblin hits you. The goblin hits you but does no damage.
You shoot a sling bullet.
The sling bullet closely misses the goblin.
The goblin hits you but does no damage.
You shoot a sling bullet.
The sling bullet closely misses the goblin.
The goblin barely misses you.
You shoot a sling bullet.
The sling bullet closely misses the goblin.
The goblin hits you but does no damage.
You shoot a sling bullet. The sling bullet hits the goblin!
Your Ranged Weapons skill increases to level 3!
No target in view!
No target in view!
HP restored.
There is an open door here.
You see here 16 stones.
There is an open door here.
You see here 16 stones.
There is an open door, spattered with blood here.
As you open the large door, it creaks loudly!
A hobgoblin comes into view.
The hobgoblin shouts!
A hobgoblin comes into view.
Health restored: 11 You shoot a sling bullet.
The sling bullet hits the hobgoblin.
You shoot a sling bullet. The sling bullet hits the hobgoblin.
The hobgoblin throws a stone.
The stone barely misses you.
You shoot a sling bullet. The sling bullet hits the hobgoblin.
You shoot a sling bullet.
The sling bullet closely misses the hobgoblin.
You shoot a sling bullet.
The sling bullet closely misses the hobgoblin.
The hobgoblin closely misses you.
You shoot a sling bullet. The sling bullet hits the hobgoblin.
No target in view!
There is a large open door here.
Things that are here:
2 stones; a hobgoblin corpse
There is a large open door here.
Things that are here:
5 stones; a hobgoblin corpse
There is a large open door here.
Things that are here:
5 stones; a hobgoblin corpse
There is a large open door here.
Things that are here:
2 stones; a hobgoblin corpse You open the door.
There is an open door here.
A rat comes into view.
You shoot a sling bullet. The sling bullet hits the rat.
No target in view!
No target in view!
A bat comes into view.
You shoot a sling bullet. The sling bullet hits the bat.
No target in view!
No target in view!
d - a scroll labelled OGOAROKAKH No target in view!
No target in view!
You open the door.
There is an open door here.
There is an open door here.
You open the door.
There is an open door here.
You open the door. The kobold barely misses you.
There is an open door here.
A kobold is nearby!
You shoot a sling bullet.
The sling bullet barely misses the kobold.
The kobold hits you with a +0 mace!
Ouch! That really hurt!
The kobold hits you with a +0 mace.
* * * LOW HITPOINT WARNING * * *
You take 9 damage, and have 2/11 hp.
MASSIVE DAMAGE!!
You are too injured to fight recklessly!
You are too injured to fight recklessly!
You are too injured to fight recklessly!
You are too injured to fight recklessly!
Fire: a) +1 sling
Press: ? - help, Q - select action Shift-Dir - straight line, f/p - kobold
Aim: a kobold, wielding a +0 mace (50% to hit)
You shoot a sling bullet.
The sling bullet barely misses the kobold.
The kobold hits you with a +0 mace.
You die...

#############
####...........####
###...#####'#####...###
##..#####≈§≈≈≈§§#####..##
##.### #≈≈≈.§..§≈≈≈# ###.##
#.## #....K.$....# ##.# #.#
######@###### #.# ##.#####
###8'8#8### #####.##
#.##...###.........###.§§##.#
#.#....##...........##.§≈§#.#
#.#....#............##...≈#.###
#.'...........<.....8(...≈+...#
#.#....#............'#...≈#.#.#
#.#....##...........##.§≈≈#.#..
#.##...###.........###..§##.###


You could see a kobold.

Vanquished Creatures
  2 goblins (D:1)
  2 hobgoblins (D:1)
  A bat (D:1)
  A rat (D:1)
6 creatures vanquished.

Notes
Turn   | Place    | Note
-------+----------+-------------------------------------------
     0 | D:1      | IndexError the Deep Elf Hexslinger began the quest for the
                  | Orb.
     0 | D:1      | Reached XP level 1. HP: 11/11 MP: 5/5
    18 | D:1      | Reached skill level 3 in Ranged Weapons
   154 | D:1      | HP: 2/11 [kobold/+0 mace (2)]
   155 | D:1      | Slain by a kobold

Illustrated notes

Levels and vault maps discovered:
D:1:      dpeg_arrival_morbid_curiosity, layout_loops_ring,
          minmay_misc_feat_more_columns, bh_walls_and_bars

Skill      XL: |  1 |
---------------+----+-----
Ranged Weapons | 3 |  3.3
Fighting       | |  0.7
Dodging        | |  2.4
Spellcasting   | |  1.5
Hexes          | |  4.2

Action                     || total
---------------------------++-------
   Fire: Sling             ||    19
 Armour: Robe              ||     4
  Dodge: Dodged            ||     4

Table legend: (Time is in decaauts)
 A = Elapsed time spent in this place.
 B = Non-inter-level travel time spent in this place.
 C = Inter-level travel time spent in this place.
 D = Time resting spent in this place.
 E = Time spent auto-exploring this place.
 F = Levels seen in this place.
 G = Mean time per level.
                   A        B        C        D        E       F      G
               +--------+--------+--------+--------+--------+-----+--------+
         Total |    159 |    159 |      0 |      0 |    131 |   1 |  159.0 |
       Dungeon |    159 |    159 |      0 |      0 |    131 |   1 |  159.0 |
               +--------+--------+--------+--------+--------+-----+--------+

Top non-repeatable levels by time:
     D:1: 159 daAuts

Table legend:
 A = Kills in this place as a percentage of kills in entire the game.
 B = Kills by you in this place as a percentage of kills by you in the entire game.
 C = Kills by friends in this place as a percentage of kills by friends in the entire game.
 D = Other kills in this place as a percentage of other kills in the entire game.
 E = Experience gained in this place as a percentage of experience gained in the entire game.
 F = Experience gained in this place divided by the number of levels of this place that you have seen.
                   A       B       C       D       E      F
               +-------+-------+-------+-------+-------+----------------------
         Total | 100.0 | 100.0 |   N/A |   N/A | 100.0 |  10.0
       Dungeon | 100.0 | 100.0 |   N/A |   N/A | 100.0 |  10.0
               +-------+-------+-------+-------+-------+----------------------
